 Dungeon Crawl Stone Soup version 0.30.1-11-g7821555f0a (webtiles) character file.

Game seed: 10788337711581756558

114 Okkudo the Chopper (level 4, -17/41 HPs)
             Began as a Hill Orc Monk on Nov 29, 2023.
             Demolished by an ogre
             ... wielding a +0 giant club
              (23 damage)
             ... on level 3 of the Dungeon.
             The game lasted 00:07:25 (2815 turns).

Okkudo the Chopper (Hill Orc Monk)                  Turns: 2815, Time: 00:07:26

Health: -17/41     AC:  9    Str: 15    XL:     4   Next: 97%
Magic:  4/4        EV:  7    Int: 10    God:
Gold:   76         SH:  0    Dex: 13    Spells: 3/3 levels left

rFire   + . .        a - +0 hand axe
rCold   . . .        d - orb {light}
rNeg    + . .        p - +0 chain mail
rPois   .            (no helmet)
rElec   .            (no cloak)
rCorr   .            (no gloves)
SInv    .            b - +0 pair of boots
Will    .....        (no amulet) Stlth
                     o - ring of protection from fire
HPRegen 0.26/turn    u - ring of positive energy
MPRegen 0.09/turn

%: no passive effects
@: confused, ambrosia-drunk, glowing
A: no striking features
a: no special abilities


You were on level 3 of the Dungeon.
You visited 1 branch of the dungeon, and saw 3 of its levels.

You collected 130 gold pieces.
You spent 54 gold pieces at shops.

Inventory:

Hand Weapons
 a - a +0 hand axe (weapon)
Missiles
 q - 2 throwing nets (quivered)
Armour
 b - a +0 pair of boots (worn)
 d - an orb of light (worn)
 p - a +0 chain mail (worn)
Jewellery
 o - a ring of protection from fire (left hand)
 u - a ring of positive energy (right hand)
Scrolls
 e - a scroll of poison {unknown}
 g - a scroll of vulnerability {unknown}
 h - 3 scrolls of noise {unknown}
 k - a scroll of teleportation {unknown}
 l - a scroll of identify {unknown}
 n - a scroll of immolation {unknown}
 r - a scroll of amnesia {unknown}
 s - a scroll of acquirement {unknown}
Potions
 f - 2 potions of cancellation {unknown}
 i - a potion of brilliance {unknown}
 j - a potion of degeneration {unknown}
 m - a potion of curing {unknown}
 t - a potion of mutation {unknown}
 v - a potion of haste {unknown}


   Skills:
 + Level 4.8 Fighting
 + Level 5.3 Axes
 + Level 3.2 Dodging


You had 3 spell levels left.
You didn't know any spells.
Your spell library contained the following spells:

 Spells                   Type           Power      Damage    Failure   Level
 Sandblast                Erth           0%         2d4       99%         1
 Sting                    Tmut/Pois      0%         1d3       99%         1
 Ensorcelled Hibernation  Hex/Ice        0%         N/A       100%        2
 Passwall                 Tmut/Erth      0%         N/A       100%        2
 Poisonous Vapours        Pois/Air       0%         N/A       100%        2
 Stone Arrow              Conj/Erth      0%         3d7       100%        3
 Swiftness                Air            0%         N/A       100%        3
 Olgreb's Toxic Radiance  Pois           0%         N/A       100%        4
 Chain Lightning          Conj/Air       0%         N/A       100%        9
 Fire Storm               Conj/Fire      0%         5d1       100%        9
 Shatter                  Erth           0%         3d5*      100%        9


Dungeon Overview and Level Annotations

Branches:
Dungeon (3/15)

Altars:

Shops:
D:1 [

Annotations:
D:3 3 runed translucent doors, auo's ghost, amateur OgTm


Message History

An endoplasm is nearby!
You hit the endoplasm.
The endoplasm is lightly wounded.
The endoplasm freezes you.
You are frozen.
You hit the endoplasm.
You kill the endoplasm!
An endoplasm comes into view.
The endoplasm quivers.
An endoplasm is nearby!
You hit the endoplasm.
You kill the endoplasm!
You open the door.
An ogre comes into view. It is wielding a +0 giant club.
The ogre shouts!
You hear an angry hiss.
You completely miss the ogre. The ogre hits you with a +0 giant club.
You hit the ogre but do no damage. The ogre hits you with a +0 giant club!
You hit the ogre.
The ogre is lightly wounded.
The ogre hits you but does no damage.
You hit the ogre.
The ogre is moderately wounded.
You hit the ogre.
The ogre is severely wounded.
The ogre hits you with a +0 giant club!
You slash the ogre!
The ogre is almost dead.
The ogre hits you with a +0 giant club!!
* * * LOW HITPOINT WARNING * * *
You completely miss the ogre.
The ogre is almost dead.
Okay, then.
Okay, then.
Okay, then.
Okay, then.
You are confused.
You feel invigorated.
The ogre hits you with a +0 giant club!!
Ouch! That really hurt!
You die...

########## #######
#####...(....###.....#
#...'.O@......##.###.###
#.###.........##.# #...# .
#.....####.##.# ###.# . #.
#.###.# #....# #.#
...#.##...#.#############.#
>..........................
......#...##.##.#########.#
....................[......
......#..######.###########


You could see an ogre.

Vanquished Creatures
  3 gnolls (D:3)
  An adder (D:2)
  2 dart slugs
  3 orcs (D:3)
  9 endoplasms
  7 giant cockroaches
  5 goblins
  5 hobgoblins
  4 quokkas (D:1)
  4 ball pythons
  6 bats
  4 frilled lizards
  5 kobolds
  4 rats
62 creatures vanquished.

Notes
Turn   | Place    | Note
-------+----------+-------------------------------------------
     0 | D:1      | Okkudo the Hill Orc Monk began the quest for the Orb.
     0 | D:1      | Reached XP level 1. HP: 19/19 MP: 1/1
   154 | D:1      | Reached XP level 2. HP: 27/27 MP: 2/2
   193 | D:1      | Found Fyenaun's Armour Shoppe.
   467 | D:1      | Reached XP level 3. HP: 31/33 MP: 3/3
  1195 | D:2      | Found a faded altar of an unknown god.
  1291 | D:2      | Reached XP level 4. HP: 28/41 MP: 4/4
  2306 | D:1      | Bought a +0 pair of boots for 54 gold pieces
  2369 | D:3      | Reached skill level 5 in Axes
  2713 | D:3      | Found a runed translucent gate.
  2713 | D:3      | Found a runed translucent gate.
  2714 | D:3      | Found a runed translucent gate.
  2716 | D:3      | Noticed auo's ghost (amateur OgTm)
  2805 | D:3      | Noticed an ogre
  2811 | D:3      | HP: 1/41 [ogre/+0 giant club (19)]
  2815 | D:3      | Demolished by an ogre

Illustrated notes

Levels and vault maps discovered:
D:1:      nzn_arrival_settlement, layout_basic, serial_shops,
          nicolae_shop_tiny_real_fake_doors
D:2:      layout_basic, ebering_ecumenical_altar_abandoned, serial_forest,
          infiniplex_forest_straight_2, infiniplex_forest_clump_double,
          infiniplex_forest_end_double, infiniplex_forest_lined_ring,
          infiniplex_forest_zigzag_2, infiniplex_forest_straight_2
D:3:      kennysheep_six_static_rooms, layout_basic, ebering_ghost_rock_garden,
          nicolae_concentric_dashed_squares_wild, serial_bayou_pond_d

Skill      XL: |  1  2  3  4 |
---------------+-------------+-----
Fighting       | 4 |  4.8
Dodging        | 3 |  3.2
Axes           | 5 |  5.3

Action                     |  1- 3 |  4- 6 || total
---------------------------+-------+-------++-------
  Melee: Hand axe          |   115 |    86 ||   201
    Use: Potion            |       |     1 ||     1
 Armour: Robe              |    31 |     4 ||    35
         Chain mail        |       |    29 ||    29
  Dodge: Dodged            |    85 |    21 ||   106
